 Dungeon Crawl Stone Soup version 0.24.0-28-g17ded55e90 (webtiles) character file.

Game seed: 15592443341968143969, levelgen mode: deterministic

137 Flugslaktarn the Covered (level 5, -2/49 HPs)
             Began as a Deep Dwarf Fighter on Nov 12, 2019.
             Killed from afar by an orc wizard (4 damage)
             ... with a puff of flame
             ... on level 4 of the Dungeon.
             The game lasted 00:00:43 (545 turns).

Flugslaktarn the Covered (Deep Dwarf Fighter)        Turns: 545, Time: 00:00:43

Health: -2/49      AC:  8    Str: 26    XL:     5   Next: 0%
Magic:  1/1        EV:  7    Int:  8    God:
Gold:   20         SH: 10    Dex: 12    Spells: 4/4 levels left

rFire    . . .     SeeInvis .   a - +0 war axe
rCold    . . .     Gourm    .   c - +0 shield
rNeg     . . .     Faith    .   b - +0 scale mail
rPois    .         Spirit   .   (no helmet)
rElec    .         Reflect  .   (no cloak)
rCorr    .         Harm     .   l - +0 pair of gloves
MR       .....                  (no boots)
Stlth    ..........             (no amulet)
HPRegen  0.00/turn              (no ring)
MPRegen  0.07/turn              (no ring)

@: mighty, lethally poisoned (-2 -> -45), very slightly contaminated,
non-regenerating, invisible
A: damage resistance, heal wounds, sense surroundings 1, no regeneration
a: Heal Wounds


You were on level 4 of the Dungeon.
You were not hungry.

You visited 1 branch of the dungeon, and saw 4 of its levels.

You collected 20 gold pieces.

Inventory:

Hand Weapons
 a - a +0 war axe (weapon)
Armour
 b - a +0 scale mail (worn)
 c - a +0 shield (worn)
 l - a +0 pair of gloves (worn)
   (You found it on level 3 of the Dungeon)
Scrolls
 h - a scroll of amnesia {unknown}
 i - a scroll of enchant weapon {unknown}
 j - a scroll of identify {unknown}
 k - a scroll of remove curse {unknown}
Comestibles
 e - 2 rations


   Skills:
 + Level 3.3 Fighting
 * Level 4.0 Axes
 + Level 4.0 Armour
 + Level 4.0 Shields


You had 4 spell levels left.
You didn't know any spells.
Your spell library was empty.

Dungeon Overview and Level Annotations

Branches:
Dungeon (4/15)
 Temple: D:4-7

Altars:
Wu Jian


Innate Abilities, Weirdness & Mutations

You are resistant to damage.
You can heal yourself by infusing magical energy.
You passively map a small area around you.
You do not regenerate.


Message History

You feel extremely sick. Something hits you.
You are more poisoned.
Something hits you but does no damage.
You barely miss something.
You feel very sick.
You hear some strange, mumbled words.
A puff of flame appears from out of thin air!
The puff of flame hits you!
* * * LOW HITPOINT WARNING * * *
Something hits you but does no damage.
You are more poisoned.
You barely miss something.
* * * LOW HITPOINT WARNING * * *
You feel very sick. Something hits you.
You hear some strange, mumbled words.
A puff of flame appears from out of thin air!
The puff of flame hits you.
You die...

#............, *
,*#...<........ *
*#.#.........### *
####.........#
#.##.##.#....##....#
,
#......[....##....#
,
#..........##.....##
...####....){.......
. #....#@)...... , *
#...##.)...... , *
*#.............
...#.##........, * ,
, ......###....#.. *
..###. ...## . , ..*
...., , , ,,##... *
,, ,*


There were no monsters in sight!

Vanquished Creatures
  3 orc wizards (D:3)
  An iguana (D:3)
  2 adders
  2 leopard geckos (D:1)
  9 orcs
  A giant cockroach (D:3)
  3 goblins
  A hobgoblin (D:1)
  A bat (D:2)
  2 kobolds (D:2)
  3 rats (D:1)
28 creatures vanquished.

Notes
Turn   | Place    | Note
-------+----------+-------------------------------------------
     0 | D:1      | Flugslaktarn the Deep Dwarf Fighter began the quest for the
                  | Orb.
     0 | D:1      | Reached XP level 1. HP: 20/20 MP: 1/1
   115 | D:1      | Reached XP level 2. HP: 25/27 MP: 2/2
   246 | D:3      | Reached XP level 3. HP: 14/34 MP: 3/3
   282 | D:3      | Reached XP level 4. HP: 15/42 MP: 4/4
   324 | D:3      | Found an ornate altar of the Wu Jian Council.
   529 | D:4      | Reached XP level 5. HP: 43/49 MP: 3/3
   545 | D:4      | HP: 2/49 [poisoned by an orc wizard]
   545 | D:4      | Killed from afar by an orc wizard

Levels and vault maps discovered:
D:1:      ldierk_walled_garden, layout_basic
D:2:      layout_loops_ring, grunt_temple_overflow_open, first_ration
D:3:      layout_basic, tgw_trog, overflow_temple_1_default, hex_tiny,
          minmay_misc_feat_alley, uniq_sigmund
D:4:      layout_cave_pools, portal_sewer_entry_d, kennysheep_cross_room,
          minivault_25, chequers_big_river

Skill      XL: |  1  2  3  4 |
---------------+-------------+-----
Fighting       | 3 |  3.3
Axes           | 3 4 |  4.0
Armour         | 4 |  4.0
Shields        | 4 |  4.0

Action                   |  1- 3 |  4- 6 || total
-------------------------+-------+-------++-------
Melee: War axe           |    86 |    43 ||   129
 Abil: Heal Wounds       |     1 |     4 ||     5
  Use: Potion            |       |     2 ||     2
Armor: Scale mail        |    38 |    32 ||    70
Dodge: Dodged            |    20 |     7 ||    27
Block: Shield            |    43 |    16 ||    59
